 Dungeon Crawl Stone Soup version 0.19.5-1-g796a6487f8 (webtiles) character file.

477 Borek the Insei (level 7, 0/38 HPs)
             Began as a Vine Stalker Monk on Apr 28, 2019.
             Succumbed to a killer bee's poison
             ... on level 3 of the Dungeon.
             The game lasted 00:02:43 (2034 turns).

Borek the Insei (Vine Stalker Monk)                 Turns: 2034, Time: 00:02:44

Health: 0/38       AC:  6    Str: 15    XL:     7   Next: 11%
Magic:  8/8        EV: 12    Int: 10    God:
Gold:   197        SH:  0    Dex: 17    Spells: 0 memorised, 6 levels left

rFire  . . .     SeeInvis .       - Unarmed
rCold  . . .     Gourm    .     c - +0 ring mail (curse)
rNeg   . . .     Faith    .     (no shield)
rPois  +         Spirit   +     (helmet restricted)
rElec  .         Reflect  .     (no cloak)
rCorr  .         Harm     .     (no gloves)
MR     .....                    p - +0 pair of boots
Stlth  ++........               (no amulet)
                                (no ring)
                                (no ring)

@: lethally poisoned (0 -> -5), flying
A: fangs 2, hooves 1, horns 1, poison resistance, regeneration 1, magic shield,
antimagic bite, no device heal 3, rot immunity
a: no special abilities


You were on level 3 of the Dungeon.
You were hungry.

You visited 1 branch of the dungeon, and saw 3 of its levels.

You collected 197 gold pieces.

Inventory:

Armour
 c - a cursed +0 ring mail (worn)
 g - cursed +1 swamp dragon scales
 p - a +0 pair of boots (worn)
Wands
 o - a wand of acid (4/15)
Scrolls
 a - 2 scrolls of noise
 e - 4 scrolls of identify
 i - a scroll of teleportation
Potions
 h - a potion of heal wounds
 l - a potion of flight
 n - a potion of curing {unknown}
Comestibles
 b - 2 bread rations
 d - a beef jerky
 j - a meat ration
 m - 4 fruits


   Skills:
 * Level 4.9 Fighting
 + Level 3.5 Dodging
 - Level 2.4 Stealth
 * Level 5.4 Unarmed Combat


You had 6 spell levels left.
You didn't know any spells.

Dungeon Overview and Level Annotations

Branches:
Dungeon (3/15)

Altars:
Dithmenos
Okawaru


Innate Abilities, Weirdness & Mutations

You have extremely sharp teeth.
Your natural rate of healing is unusually fast.
When hurt, damage is shared between your health and your magic reserves.
Your bite disrupts and absorbs the magic of your enemies.
Potions and wands cannot restore your health.
You are immune to rotting.
You have large cloven feet.
You have a pair of small horns on your head.
Your system is resistant to poisons. (rPois)


Message History

You fly up into the air.
You feel sick. The killer bee completely misses you. The killer bee stings you.
You are lethally poisoned!
The killer bee poisons you!
Unknown command.
Unknown command.
* * * LOW HITPOINT WARNING * * *
You feel sick. The killer bee closely misses you. x2
You barely miss the killer bee. Your bite misses the killer bee.
The killer bee is almost dead.
* * * LOW HITPOINT WARNING * * *
You feel sick. The killer bee barely misses you.
The killer bee stings you but does no damage.
Unknown command.
It was a potion of mutation.
You feel extremely strange.
Your feet thicken and deform.
A pair of horns grows on your head!
You feel resistant to poisons.
You feel less invigorated.
You feel less confused.
You die...

#..#####........
##.....#.).......#
.......#..........
#................ ##
##........##..#.. ..#
#.........##..#.###...
#.......<...........
.........####.#..#
.......#####....@#
#.....#.......##y#
#.#.......##..##[#
.......##.#..###†.......
.....###..#.## #†.......
#.##.###.##.# #(.......
>.##.....##.# #........
......(...#.# #........
............####........


You could see a killer bee.

Vanquished Creatures
  Grinder (D:2)
  5 killer bees (D:3)
  3 adders
  An ooze (D:2)
  A worm (D:3)
  An orc (D:3)
  A ball python (D:1)
  4 bats
  6 giant cockroaches
  7 goblins
  6 hobgoblins
  4 frilled lizards
  8 kobolds
  3 rats
51 creatures vanquished.

Notes
Turn   | Place    | Note
-------+----------+-------------------------------------------
     0 | D:1      | Borek the Vine Stalker Monk began the quest for the Orb.
     0 | D:1      | Reached XP level 1. HP: 11/11 MP: 2/2
   179 | D:1      | Reached XP level 2. HP: 13/16 MP: 3/3
   628 | D:1      | Reached XP level 3. HP: 20/20 MP: 4/4
   858 | D:2      | Found a shadowy altar of Dithmenos.
  1717 | D:3      | Noticed Grinder
  1725 | D:2      | Killed Grinder
  1725 | D:2      | Reached skill level 4 in Unarmed Combat
  1725 | D:2      | Gained mutation: Your natural rate of healing is unusually fast. [Vine Stalker growth]
  1725 | D:2      | Reached XP level 4. HP: 7/25 MP: 5/5
  1725 | D:2      | Reached XP level 5. HP: 8/29 MP: 6/6
  1725 | D:2      | Reached XP level 6. HP: 9/33 MP: 7/7
  1878 | D:3      | Found an iron altar of Okawaru.
  2019 | D:3      | Reached skill level 5 in Unarmed Combat
  2020 | D:3      | Reached XP level 7. HP: 30/38 MP: 6/8
  2033 | D:3      | HP: 1/38 [poisoned by a killer bee]
  2034 | D:3      | Gained mutation: You have large cloven feet. [potion of mutation]
  2034 | D:3      | Gained mutation: You have a pair of small horns on your head. [potion of mutation]
  2034 | D:3      | Gained mutation: Your system is resistant to poisons. (rPois) [potion of mutation]
  2034 | D:3      | Succumbed to a killer bee's poison

Skill      XL: |  1  2  3  4  5  6 |
---------------+-------------------+-----
Fighting       | 3 4 |  4.9
Dodging        | 3 |  3.5
Unarmed Combat | 4 5 |  5.4
Stealth        | |  2.4

Action                   |  1- 3 |  4- 6 |  7- 9 || total
-------------------------+-------+-------+-------++-------
Melee: Unarmed           |   120 |    31 |     4 ||   155
       Bite              |    38 |    11 |       ||    49
       Punch             |     2 |       |       ||     2
Evoke: Wand              |       |     2 |     5 ||     7
  Use: Scroll            |     4 |     2 |       ||     6
       Potion            |     1 |       |     4 ||     5
 Stab: Sleeping          |     3 |     1 |       ||     4
  Eat: Chunk             |     2 |     1 |       ||     3
Armor: Ring mail         |    36 |    12 |     4 ||    52
Dodge: Dodged            |    58 |    13 |    13 ||    84
